 Dungeon Sprint DCSS version 0.16-a0-3855-gd2600ac (webtiles) character file.

963 BluebellGnoll the Covert (level 7, -11/32 HPs)
             Began as a Spriggan Enchanter on Jan 31, 2015.
             Was a Believer of Elyvilon.
             Killed from afar by an orc sorcerer (21 damage)
             ... with a bolt of fire
             ... in the Dungeon (Sprint III: "The Ten Rune Challenge").
             The game lasted 00:08:56 (516 turns).

BluebellGnoll the Covert (Spriggan Enchanter)        Turns: 516, Time: 00:08:56

Health: -11/32     AC:  3    Str:  4    XL:     7   Next: 92%
Magic:  8/27       EV: 23    Int: 19    God:    Elyvilon [**....]
Gold:   15         SH:  0    Dex: 16    Spells: 7 memorised, 6 levels left

rFire  . . .     SeeInvis +     a - +1 dagger
rCold  . . .     Clarity  .     b - +1 robe
rNeg   . . .     SustAb   .     (shield restricted)
rPois  .         Gourm    .     (helmet restricted)
rElec  .         Spirit   .     (no cloak)
rCorr  .         Warding  .     (gloves unavailable)
rMut   .         NoTele   +     (boots unavailable)
MR     +....                    (no amulet)
Stlth  ++++++....               (no ring)
                                (no ring)

@: very quick, somewhat resistant to hostile enchantments, very stealthy
A: unfitting armour, see invisible, herbivore 3, speed 3, slow metabolism 2
a: Lesser Healing, Lesser Self-Healing, Divine Protection, Purification,
Renounce Religion


You were in the Dungeon.
You worshipped Elyvilon.
Elyvilon was pleased with you.
You were not hungry.

You visited 1 branch You collected 15 gold pieces.

Inventory:

Hand weapons
 a - a +1 dagger (weapon)
Armour
 b - a +1 robe (worn)
Magical devices
 v - a wand of digging (13)
Scrolls
 j - a scroll of blinking
 n - a scroll of holy word {unknown}
 o - 2 scrolls of remove curse {unknown}
 r - a scroll of immolation {unknown}
Potions
 e - a potion of curing
 f - 2 potions of heal wounds
 g - a potion of haste
 h - 2 potions of magic
 i - 2 potions of berserk rage
 k - a potion of cancellation
 p - 2 potions of cure mutation
 q - a potion of might
 t - a potion of restore abilities
 u - 2 potions of flight
Books
 c - a book of Maledictions

   Spells                             Type                      Level
   a - Corona                         Hexes                        1
   b - Sure Blade                     Hexes/Charms                 2
   c - Ensorcelled Hibernation        Hexes/Ice                    2
   d - Confuse                        Hexes                        3
   e - Dazzling Spray                 Conjuration/Hexes            3
   f - Enslavement                    Hexes                        4
 y - a Fen Folio

   Spells                             Type                      Level
   a - Corpse Rot                     Necromancy                   2
   b - Stone Arrow                    Conjuration/Earth            3
   c - Leda's Liquefaction            Hexes/Earth                  4
   d - Summon Forest                  Summoning/Translocation      5
   e - Hydra Form                     Transmutation                6
   f - Summon Hydra                   Summoning                    7
Miscellaneous
 x - a plain deck of defence
Comestibles
 d - 2 bread rations
 s - 3 fruits
 w - a royal jelly


   Skills:
 - Level 6.2 Short Blades
 - Level 7.7 Dodging
 - Level 12.0 Stealth
 - Level 9.3 Spellcasting
 - Level 9.9 Hexes
 + Level 8.7 Invocations


You had 6 spell levels left.
You knew the following spells:

 Your Spells              Type           Power        Failure   Level  Hunger
a - Corona                Hex            #####..      1%          1    None
b - Ensorcelled Hibernat  Hex/Ice        ####..       1%          2    None
c - Confuse               Hex            #####...     1%          3    None
d - Sure Blade            Hex/Chrm       ####......   1%          2    None
e - Dazzling Spray        Conj/Hex       ####....     3%          3    None
f - Enslavement           Hex            #####...     1%          4    ###....
g - Stone Arrow           Conj/Erth      #.....       28%         3    None


Dungeon Overview and Level Annotations

Branches:
Dungeon (1/1)

Altars:
Cheibriados
Dithmenos
Elyvilon
Fedhas
Gozag
Kikubaaqudgha
Makhleb
Nemelex Xobeh
Okawaru
Qazlal
Ru
Sif Muna
Trog
Vehumet
Xom
Yredelemnul
Zin
The Shining One
Jiyva
Lugonu


Innate Abilities, Weirdness & Mutations

You are tiny and cannot use many weapons and most armour.
You have supernaturally acute eyesight.
You are a herbivore.
You cover ground extremely quickly.
You need consume almost no food.


Message History

You can move again.
Unknown command.
Casting: Confuse
Confirm with . or Enter, or press ? or * to list all spells.
Aiming: Confuse
Press: ? - help, Shift-Dir - straight line, f/p - orc sorcerer
Aim: an orc sorcerer, wielding a dagger and wearing a runed robe (moderately wounded, chance 53%)
The orc sorcerer resists with almost no effort.
The orc sorcerer gestures at the surrounding area while chanting.
The dead are walking! 2 zombies come into view.
Things that are here:
2 potions of decay; a book of Death The hobgoblin misses the orc sorcerer.
Something closely misses the hobgoblin.
There is an open door here.
The orc sorcerer casts a spell at you.
The bolt of fire misses the orc zombie.
The bolt of fire hits you!
Ouch! That really hurt!
You die...

▓▓▓ # ##.##############
#####..#___#__[#__#$$#$#
.#..#..#...#...#†_#$...oo
†#..#..###o#'###'##.$o.o
.##'#..#..........#$...
.###...'.⌠....%.@.#o$$
####...#...######'#$$
###....#.⌠.#__#...#'#####
##.....#...#__#..Z#oo§§≈+
#......#'###__#.Z!#.#§≈§
.#.....#.[[#__#..og.# §§
###....#___#_v+...#.#
▓▓▓▓▓▓▓▓▓▓▓▓▓▓▓▓▓▓▓


You could see an orc sorcerer, an orc zombie, a neutral orc (wandering) and a
neutral hobgoblin (wandering).

Vanquished Creatures
  A deep elf priest (D)
  A shadow (D)
  A necrophage (D)
  A water elemental (D)
  An orc priest (D)
  A jelly (D)
  A wizard (D)
  A necromancer (D)
  A wolf (D)
  A kobold demonologist (D)
  3 humans (D)
  2 giant mites (D)
  2 orcs (D)
  2 rats (D)
19 creatures vanquished.

Vanquished Creatures (collateral kills)
  An orc wizard (D)
  2 orcs (D)
3 creatures vanquished.

Vanquished Creatures (others)
  An orc warrior (D)
  4 plants (D)
5 creatures vanquished.

Grand Total: 27 creatures vanquished

Notes
Turn   | Place    | Note
--------------------------------------------------------------
     0 | D        | BluebellGnoll, the Spriggan Enchanter, began the quest for the Orb.
     0 | D        | Reached XP level 1. HP: 9/9 MP: 4/4
    10 | D        | Reached skill level 5 in Stealth
    29 | D        | Reached skill level 7 in Stealth
    29 | D        | Reached XP level 2. HP: 13/13 MP: 7/7
    39 | D        | Learned a level 2 spell: Ensorcelled Hibernation
    47 | D        | Reached skill level 8 in Stealth
    54 | D        | Noticed a wolf
    57 | D        | Killed a wolf
    57 | D        | Reached skill level 11 in Stealth
    57 | D        | Reached XP level 3. HP: 16/16 MP: 9/9
    79 | D        | Learned a level 3 spell: Confuse
   105 | D        | Reached skill level 12 in Stealth
   125 | D        | Noticed a water elemental
   127 | D        | Killed a water elemental
   127 | D        | Reached skill level 5 in Spellcasting
   127 | D        | Reached skill level 5 in Hexes
   127 | D        | Reached XP level 4. HP: 21/21 MP: 9/17
   131 | D        | Learned a level 2 spell: Sure Blade
   135 | D        | Learned a level 3 spell: Dazzling Spray
   179 | D        | Found a glowing silver altar of Zin.
   180 | D        | Found a glowing golden altar of the Shining One.
   180 | D        | Found a white marble altar of Elyvilon.
   180 | D        | Noticed a deep elf priest
   182 | D        | Killed a deep elf priest
   182 | D        | Reached XP level 5. HP: 24/24 MP: 18/24
   182 | D        | Reached XP level 6. HP: 28/28 MP: 18/25
   191 | D        | Became a worshipper of Elyvilon the Healer
   223 | D        | Found an iron altar of Okawaru.
   223 | D        | Found a bloodstained altar of Trog.
   223 | D        | Noticed a human
   223 | D        | Noticed a human
   240 | D        | Killed a human
   245 | D        | Killed a human
   245 | D        | Reached XP level 7. HP: 16/32 MP: 9/27
   337 | D        | Found a basalt altar of Yredelemnul.
   337 | D        | Found a snail-covered altar of Cheibriados.
   337 | D        | Found a blossoming altar of Fedhas.
   337 | D        | Noticed a necrophage
   337 | D        | Noticed a necromancer
   339 | D        | Killed a necromancer
   340 | D        | Killed a necrophage
   340 | D        | Reached skill level 5 in Dodging
   348 | D        | Noticed a jelly
   349 | D        | Noticed a shadow
   351 | D        | Killed a shadow
   355 | D        | Killed a jelly
   360 | D        | Found a stormy altar of Qazlal.
   361 | D        | Found a sacrificial altar of Ru.
   361 | D        | Found a burning altar of Makhleb.
   361 | D        | Found a viscous altar of Jiyva.
   361 | D        | Found a shimmering altar of Xom.
   361 | D        | Found a shadowy altar of Dithmenos.
   361 | D        | Found a sparkling altar of Nemelex Xobeh.
   361 | D        | Found a corrupted altar of Lugonu.
   361 | D        | Found an opulent altar of Gozag.
   361 | D        | Noticed a spatial vortex
   386 | D        | Found a radiant altar of Vehumet.
   387 | D        | Found a deep blue altar of Sif Muna.
   387 | D        | Found an ancient bone altar of Kikubaaqudgha.
   387 | D        | Noticed a wizard
   388 | D        | Killed a wizard
   400 | D        | Learned a level 4 spell: Enslavement
   404 | D        | Learned a level 3 spell: Stone Arrow
   435 | D        | Acquired Elyvilon's first power
   478 | D        | Noticed an orc wizard
   478 | D        | Noticed an orc warrior
   478 | D        | Noticed an orc priest
   479 | D        | Noticed an orc warrior
   484 | D        | Killed an orc wizard
   486 | D        | an orc warrior (ally) was killed
   493 | D        | Noticed an orc wizard
   497 | D        | Acquired Elyvilon's second power
   503 | D        | Killed an orc priest
   507 | D        | Noticed an orc sorcerer
   507 | D        | Noticed an orc priest
   509 | D        | Paralysed by an orc sorcerer for 2 turns
   516 | D        | Killed from afar by an orc sorcerer

Action                   |  1- 3 |  4- 6 |  7- 9 || total
-------------------------+-------+-------+-------++-------
Melee: Dagger            |    12 |    10 |     9 ||    31
 Cast: Confuse           |     1 |     6 |     4 ||    11
       Ensorcelled Hiber |       |       |     2 ||     2
       Enslavement       |       |       |     1 ||     1
       Dazzling Spray    |       |       |     1 ||     1
Invok: Lesser Healing    |       |     1 |     2 ||     3
  Use: Scroll            |       |       |     3 ||     3
 Stab: Sleeping          |     5 |     1 |     8 ||    14
       Confused          |     2 |     3 |     1 ||     6
